[Event "*** Titled Tuesday Blitz"]
[Site "Chess.com"]
[Date "2019.05.07"]
[Round "3"]
[White "GuerrieroFromLevant"]
[Black "IMRosen"]
[Result "1-0"]
[WhiteElo "2270"]
[BlackElo "2392"]
[TimeControl "180+2"]
[EndTime "13:42:43 PDT"]
[Termination "GuerrieroFromLevant won on time"]

1. e4 e5 2. Nf3 Nf6 3. Nxe5 Nc6 4. Nxc6 dxc6 5. Nc3 Bc5 6. Be2 h5 7. d3 Ng4 8. Bxg4 hxg4 9. Bf4 Be6 10. Qd2 Bd4 11.
O-O-O Rh5 12. a3 Rc5 13. Ne2 Bf6 14. d4 Rb5 15. c3 Bb3 16. Rde1 Qd7 17. e5 Be7 18. h3 O-O-O 19. hxg4 Qxg4 20. Ng3 Qg6 21. Ne4 Bd5 22. f3 Rb6 23. g4 Qe6 24. Ng5 Qd7 25. Rh7 Bxg5 26. Bxg5 Rg8 27. Qd3 Kb8 28. Reh1 Qe8 29.
Qf5 Be6 30. Qe4 a5 31. f4 Bd5 32. Qe2 Bxh1 33. Rxh1 Rh8 34. Rxh8 Qxh8 35. f5 Qh1+ 36. Kc2 Qd5 37. e6 Qb3+ 38. Kc1 fxe6 39. fxe6 c5 40. e7 Re6 41. e8=Q+ Rxe8 42. Qxe8+ Ka7 43. Qe2 cxd4 44. cxd4 Qd5 45. Be3 b6 46. Qc2 Kb7 47. Kd2 Qg2+ 48. Kd3 Qxg4 49. Qf2 Qg6+ 50. Kc3 Qc6+ 51. Kd2 a4 52.
Qf7 Qg2+ 53. Kc3 Qc6+ 54. Qc4 Qf3 55. Qd3 Qc6+ 56. Kd2 Qg2+ 57. Kc1 Qh1+ 58. Kc2 Qc6+ 59. Kb1 Qh1+ 60. Bc1 Qd5 61. Qg6 Qxd4 62. Qg2+ Ka7 63. Bd2 Qd3+ 64. Ka1 g6 65. Bc3 Qd1+ 66. Ka2 Qb3+ 67.
Kb1 Qd1+ 68. Ka2 Qb3+ 69. Kb1 Qe6 70. Kc1 Qf5 71. Qc6 Qf4+ 72. Bd2 Qe5 73. Qxg6 Qc5+ 74. Qc2 Qg1+ 75. Qd1 Qc5+ 76. Kb1 Qd4 77. Qc1 Qe4+ 78. Ka1 Kb7 79. Bf4 c6 80. Bd2 Qd4 81. Bc3 Qc4 82. Qe1 Ka6 83. Qg1 Qb5 84. Qd4 Qb3 85.
Qd3+ Kb7 86. Qh7+ Ka6 87. Kb1 Qd5 88. Qc2 Qh1+ 89. Qc1 Qe4+ 90. Ka1 Qc4 91. Bd2 Qd5 92. Qf1+ Kb7 93. Bc3 Qe4 94. Qd1 Qc4 95. Qd7+ Ka6 96. Kb1 Qf1+ 97. Kc2 Qe2+ 98. Qd2 Qe4+ 99. Qd3+ Qxd3+ 100. Kxd3 Kb5 101. Kd4 Ka6 102. Kc4 1-0

[Event "*** Titled Tuesday Blitz"]
[Site "Chess.com"]
[Date "2019.05.07"]
[Round "3"]
[White "Eliwood44"]
[Black "WPWPWP-2015"]
[Result "1/2-1/2"]
[WhiteElo "2239"]
[BlackElo "2384"]
[TimeControl "180+2"]
[EndTime "13:42:54 PDT"]
[Termination "Game drawn by repetition"]

1. Nf3 Nf6 2. d4 d5 3. g3 Bg4 4. Ne5 Bf5 5. c4 c6 6. Qb3 Qc8 7. cxd5 cxd5 8. Nc3 Nc6 9. Nxc6 bxc6 10. Bg2 e6 11. O-O Bd6 12. Bg5 Nd7 13. Rac1 O-O 14. Na4 f6 15. Bf4 Qc7 16. Bxd6 Qxd6 17. Qa3 Qxa3 18. bxa3 Rfc8 19. Nc5 Nb6 20. e4 dxe4 21. Rfe1 Rd8 22. Bxe4 Rxd4 23. Bxc6 Rad8 24. Nxe6 Bxe6 25. Rxe6 Rd1+ 26. Re1 Rxc1 27. Rxc1 Rc8 28. a4 Kf8 29. a5 Nd5 30. Rc4 Ne7 31. Bb5 Rxc4 32. Bxc4 Nc6 33. a6 Ke7 34. f4 h6 35. Kf2 Kd6 36. Ke3 Ne7 37. g4 f5 38. h3 fxg4 39. hxg4 Nc6 40. Ke4 Ne7 41. Bf1 Ng6 42. Kf5 Nh4+ 43. Ke4 Ng6 44.
Bd3 Ne7 45. a3 Nd5 46. Kf5 Ne7+ 47. Ke4 Nd5 48. Bc4 Ne7 49. Bf7 Nc6 50. Kf5 Ne7+ 51. Ke4 Nc6 52. Be8 Ne7 53. a4 Nc8 54. a5 Ne7 55. Ba4 Nd5 56. Bb3 Ne7 57. g5 hxg5 58. fxg5 Nc6 59. Bg8 Ne7 60. Ba2 Nc6 61. Kf5 Ne7+ 62.
Kg4 Ke5 63. Bc4 Nc6 64. Kh5 Ne7 65. Ba2 Kf5 66. Bb1+ Kf4 67. Bc2 Ke5 68. Kg4 Nd5 69. Bb1 Nf4 70. Ba2 Ng6 71. Bb1 Ne7 72. Ba2 Nc6 73. Kh5 Ne7 74. Bb1 Ke6 75. Kg4 Kd6 76.
Kf4 Ke6 77. Ba2+ Kd6 78. Bb3 Ng6+ 79. Kf5 Ne7+ 80. Kf4 Nc6 81. Ba2 Ne7 82. Bb3 Nc8 83. Kf5 Ne7+ 84. Kf4 Nc6 85. Ba2 Nb4 86. Bc4 Nc6 87.
Ba2 Nb4 88. Bc4 Nc6 89. Ba2 Ne7 90. Bb3 1/2-1/2

[Event "*** Titled Tuesday Blitz"]
[Site "Chess.com"]
[Date "2019.05.07"]
[Round "3"]
[White "Indianlad"]
[Black "RzayevB"]
[Result "1-0"]
[WhiteElo "2898"]
[BlackElo "2700"]
[TimeControl "180+2"]
[EndTime "13:43:01 PDT"]
[Termination "Indianlad won by resignation"]

1. Nf3 Nc6 2. d4 d5 3. c4 Bg4 4.
Nbd2 Nf6 5. h3 Bh5 6. Qb3 e6 7. e3 Be7 8. a3 Rb8 9. cxd5 exd5 10.
Bb5 O-O 11. O-O Na5 12. Qc3 c6 13. Bd3 b5 14. Ne5 b4 15. axb4 Bxb4 16. Qc2 Qd6 17. Ndf3 Rfc8 18. Bf5 Rc7 19. Bd2 c5 20. dxc5 Rxc5 21.
Bxb4 Rxb4 22. Qd2 Rcb5 23. Bd3 Nb3 24. Qc3 Nxa1 25. Bxb5 Rxb5 26. Rxa1 Bxf3 27. Nxf3 Qb8 28. Rxa7 h6 29. Rc7 Qb6 30. Rc6 Qb7 31. Rc8+ Kh7 32.
Rc7 Qb6 33. Rxf7 Rxb2 34. Qe5 Rb1+ 35. Kh2 Qb8 36. Qxb8 Rxb8 37. Nd4 Rb2 38. f3 Kg6 39. Re7 Rb8 40. Ne6 Rg8 41. g4 h5 42. Nf4+ Kh6 43. Kg3 hxg4 44. hxg4 g5 45. Ne6 Kg6 46. Nd4 Re8 47.
Ra7 Rxe3 48. Nf5 Ne4+ 49. Kg2 Re2+ 50. Kg1 Nd2 51. Ra6+ Kf7 52. Nd4 Re3 53. Kf2 Rd3 54.
Ra4 Nc4 55. Ra7+ Kf6 56. Ra6+ Ke5 57. Ne2 Nd2 58. Ng1 Nc4 59. Rg6 Rd2+ 60. Ne2 d4 61.
Rxg5+ Ke6 62. Ke1 Ra2 63. Nxd4+ Kf6 64. Rf5+ Kg6 65. Rc5 Ne3 66. Ne2 Ng2+ 67. Kf1 Ne3+ 68. Kf2 Nd1+ 69. Ke1 Ne3 70. Rc3 Ra1+ 71. Nc1 Nd5 72.
Rc5 Nf4 73. Kd2 Ra3 74. Rc3 Rxc3 75. Kxc3 Kg5 76. Kd4 Ne6+ 77. Ke3 Ng7 78. Ne2 Ne8 79. Nc3 Kg6 80. Ne4 Nc7 81. f4 Nd5+ 82. Kf3 Ne7 83. Ng3 Kf6 84. g5+ Kg6 85. Kg4 Nd5 86. f5+ Kg7 87.
Nh5+ Kf7 88. g6+ Kg8 89. Kg5 Nc7 90. f6 Ne6+ 91. Kh6 Nd8 92. Ng3 Kh8 93. Nf5 Kg8 94.
Ne7+ Kf8 95. g7+ 1-0

[Event "*** Titled Tuesday Blitz"]
[Site "Chess.com"]
[Date "2019.05.07"]
[Round "3"]
[White "Alexander_Donchenko"]
[Black "pedromartinez91"]
[Result "1/2-1/2"]
[WhiteElo "2786"]
[BlackElo "2509"]
[TimeControl "180+2"]
[EndTime "13:43:17 PDT"]
[Termination "Game drawn by stalemate"]

1. Nf3 Nf6 2. g3 d5 3. Bg2 e6 4.
O-O Be7 5. c4 O-O 6. d4 dxc4 7.
Ne5 Nc6 8. Bxc6 bxc6 9. Nxc6 Qe8 10.
Nxe7+ Qxe7 11. Na3 c5 12. dxc5 Qxc5 13. Be3 Qh5 14. f3 Nd5 15. Bf2 c3 16. bxc3 Nxc3 17. Qd3 Nd5 18. Rfc1 Bd7 19. Rc5 Rfc8 20. Rac1 Qh6 21.
Rxc8+ Rxc8 22. Rxc8+ Bxc8 23. Bxa7 Qc1+ 24. Kg2 h6 25.
Bf2 Qc6 26. e4 Nf6 27. Nc4 Ba6 28. Ne5 Bxd3 29. Nxc6 Nxe4 30. Ne5 Nxf2 31. Kxf2 Bb5 32. Ke3 f6 33. Nd3 e5 34. Nc5 Kf7 35. a4 Bc6 36. f4 exf4+ 37. Kxf4 Ke7 38. a5 Kd6 39.
Ne4+ Ke6 40. Nc5+ Kd6 41. Nb3 Bd7 42. Ke4 f5+ 43. Kd4 g5 44. Nd2 Bc6 45. Nc4+ Ke6 46. a6 f4 47. gxf4 gxf4 48. a7 Kf5 49. Kd3 Kg5 50.
Ke2 Kh4 51. Kf2 Kh3 52. Kg1 f3 53. Ne5 Bb7 54. Nd3 h5 55. Nf2+ Kh4 56. Kf1 Kg5 57.
Ke1 Kf4 58. Kd2 Ke5 59. Ke3 Kd6 60. Nd3 Kc7 61. Ne5 Kb6 62. Nxf3 Kxa7 63. h4 Kb6 64.
Ne5 Kc5 65. Kf4 Kd6 66. Kf5 Ke7 67. Kg5 Ke6 68. Nc4 Bf3 69. Nd2 Bd1 70. Ne4 Kf7 71.
Nd6+ Kg7 72. Nf5+ Kh7 73. Kf6 Bg4 74. Ne3 Bf3 75. Nc4 Be2 76. Ne5 Kh6 77. Nf7+ Kh7 78. Ng5+ Kh6 79. Kf7 Bg4 80. Kf6 Bd1 81. Nh3 Bg4 82. Nf4 Bf3 83. Ne6 Bg4 84. Nd4 Kh7 85.
Kg5 Kg7 86. Nc6 Kh7 87. Nd8 Kg7 88. Nb7 Kh7 89. Nd6 Kg7 90. Ne4 Kh7 91. Nf6+ Kg7 92.
Ne8+ Kh7 93. Kf6 Kh6 94. Ng7 Kh7 95. Kf7 Kh6 96. Ne8 Kh7 97. Nf6+ Kh6 98. Ne4 Kh7 99. Kf6 Kh6 100. Nd6 Kh7 101. Kg5 Kg7 102. Ne4 Kh7 103. Ng3 Kg7 104. Nxh5+ Bxh5 105. Kxh5 Kh7 106. Kg5 Kh8 107. h5 Kg8 108. h6 Kh8 109. Kg6 Kg8 110. h7+ Kh8 111. Kh6 1/2-1/2

[Event "*** Titled Tuesday Blitz"]
[Site "Chess.com"]
[Date "2019.05.07"]
[Round "3"]
[White "GMKrikor"]
[Black "SloLev"]
[Result "1/2-1/2"]
[WhiteElo "2764"]
[BlackElo "2481"]
[TimeControl "180+2"]
[EndTime "13:44:54 PDT"]
[Termination "Game drawn by agreement"]

1. d4 d5 2. Nf3 Nf6 3. c4 e6 4. Bg5 c6 5. Nbd2 Nbd7 6. e3 Bd6 7.
Bd3 O-O 8. O-O e5 9. cxd5 cxd5 10.
dxe5 Nxe5 11. Nxe5 Bxe5 12. Nf3 Bxb2 13. Bxh7+ Kxh7 14.
Qc2+ Kg8 15. Qxb2 Qb6 16. Qxb6 axb6 17. Bxf6 gxf6 18. Nd4 Bd7 19. Rab1 Ra6 20. Rb2 Rfa8 21. h3 Kf8 22. Rfb1 b5 23. Nxb5 Rxa2 24. Rxa2 Rxa2 25. Nd6 Ra4 26. Rxb7 Be6 27. Rb8+ Ke7 28. Nb5 Rb4 29. Rb7+ Kf8 30. Nd6 Ra4 31. Rb1 d4 32. exd4 Rxd4 33. Nb5 Rd2 34. Nc3 Kg7 35. Re1 Rc2 36. Ne2 Rc4 37.
f3 Bf5 38. Kf2 Bd3 39. Ng3 Rc2+ 40. Kg1 f5 41. Nh5+ Kf8 42. Nf4 Rd2 43. Re5 Bc2 44. Kh2 Kg7 45. Kg3 Kf6 46. Rc5 Bb1 47. h4 Ba2 48.
Ra5 Be6 49. Nh3 Rd4 50. Nf4 Rb4 51. Ra6 Rb8 52. Rd6 Rg8+ 53. Kf2 Ke5 54. Nxe6 fxe6 55. Ra6 f4 56. Ra4 Kf5 57. Ra7 Rh8 58. Rf7+ Ke5 59.
g3 fxg3+ 60. Kxg3 Rg8+ 61. Kh3 Rg1 62. h5 Kd6 63. Kh4 e5 64. Rf6+ Ke7 65. Rg6 Rf1 66.
Kg4 Kf7 67. Rb6 Rg1+ 68. Kf5 Rh1 69. h6 Rh3 70. Ke4 Kg8 71. Re6 Rh5 72. Kd5 Kf7 73.
Ra6 Rh3 74. Ke4 Rh5 75. h7 Kg7 76. Ra7+ Kh8 77. Re7 Rh4+ 78. Kd5 Rd4+ 79. Ke6 Rf4 80. Rf7 Ra4 81. Rf8+ Kxh7 82. Kxe5 Kg7 83. Rf4 Ra6 84. Rg4+ Kf7 85. Rc4 Ra5+ 86. Ke4 Ra6 87. f4 Ra5 88. Kf3 Rb5 89. Kg4 Ra5 90. Re4 Rb5 91. Ra4 Rc5 92.
Rb4 Ra5 93. f5 Rc5 94. Kg5 Rc6 95. Rb7+ Kf8 96. Rd7 Ra6 97. Rd1 Rb6 98. Rg1 Ra6 99. Rh1 Rb6 100. Rh8+ Kg7 101. Re8 Kf7 102. Re1 Ra6 103. Rb1 Kf8 104. Rb7 Rc6 105. Rh7 Kg8 106. Re7 Kf8 107.
Re5 Ra6 108. Rd5 Rb6 109. Kf4 Ra6 110. Ke5 Rb6 111. Rd7 Ra6 112. Kd5 Rb6 113. Ra7 Rf6 114. Ke5 Rb6 115. f6 Rb2 1/2-1/2

[Event "*** Titled Tuesday Blitz"]
[Site "Chess.com"]
[Date "2019.05.07"]
[Round "3"]
[White "kikoveiga"]
[Black "M1711"]
[Result "1/2-1/2"]
[WhiteElo "2279"]
[BlackElo "2443"]
[TimeControl "180+2"]
[EndTime "13:47:34 PDT"]
[Termination "Game drawn - insufficient material"]

1. Nf3 Nf6 2. c4 b6 3. g3 Bb7 4. Bg2 e6 5. O-O Be7 6. Nc3 O-O 7. Re1 d5 8. d4 Nbd7 9. Ne5 c6 10. cxd5 exd5 11. Bf4 Nh5 12. Rc1 Nxf4 13. gxf4 Nxe5 14.
fxe5 Qd7 15. e4 dxe4 16. Nxe4 Rad8 17. Ng3 Qxd4 18. Qxd4 Rxd4 19. Bxc6 Bc8 20. Bf3 Be6 21. a3 a5 22. Kg2 Rfd8 23. Re2 g6 24. Ne4 Kg7 25.
Rc7 R4d7 26. Rec2 Bf5 27. Rxd7 Rxd7 28. Rc6 Bxe4 29. Bxe4 Bc5 30. e6 fxe6 31. Rxe6 Rd2 32.
b4 axb4 33. axb4 Bxf2 34. Kf3 Bg1 35. h4 Rb2 36. h5 gxh5 37. Re7+ Kf6 38. Rxh7 Rxb4 39.
Rxh5 Rb3+ 40. Kg2 Bc5 41. Bf3 Rb2+ 42. Kg3 Rb4 43. Rh6+ Ke5 44. Rh5+ Kd6 45. Rh6+ Kc7 46. Rh7+ Kd6 47. Rh6+ Kd7 48. Rh7+ Be7 49. Kf2 b5 50. Ke3 Rb3+ 51. Ke4 Kd6 52. Rh6+ Kc5 53. Re6 Bd6 54. Rh6 Rb4+ 55. Kd3 Rb3+ 56. Ke2 Bf4 57. Rh5+ Kb6 58. Bd5 Re3+ 59. Kd1 Bd6 60. Kd2 Re7 61. Kc2 Rc7+ 62.
Kb3 Rg7 63. Be4 Rg3+ 64. Kc2 Bc5 65. Bd3 Re3 66. Rh6+ Ka5 67. Rh5 Kb4 68. Rh4+ Ka5 69. Rh5 Bb4 70. Rxb5+ Ka4 71. Rf5 Rg3 72. Re5 Rg2+ 73.
Re2 Rg5 74. Re4 Rc5+ 75. Rc4 Rh5 76. Re4 Ka5 77. Be2 Rd5 78. Kb3 Be1 79. Ra4+ Kb6 80.
Ra6+ Kc7 81. Bc4 Rg5 82. Re6 Bf2 83. Rf6 Bc5 84. Bb5 Be7 85. Rc6+ Kb7 86. Ka4 Rg8 87. Re6 Rg7 88. Ba6+ Ka7 89. Bc4 Kb7 90. Kb5 Kc7 91.
Bd5 Kd7 92. Ra6 Rg5 93. Ra7+ Kd6 94. Kc4 Rg4+ 95. Kd3 Rg3+ 96. Ke2 Bf6 97. Bf3 Bd4 98.
Ra6+ Ke5 99. Ra4 Rh3 100. Rc4 Rh2+ 101. Kd3 Bg1 102. Re4+ Kf5 103. Bg4+ Kg5 104. Be2 Rh3+ 105. Kd2 Bb6 106. Rg4+ Kf5 107. Rc4 Ba5+ 108. Kc2 Kf6 109. Rc6+ Ke7 110. Rc5 Bb6 111. Rb5 Bd4 112. Rd5 Bf6 113. Rd7+ Ke8 114. Rb7 Rh2 115. Kd3 Be7 116. Bf3 Rh4 117. Rb5 Kd7 118. Rh5 Rb4 119. Rh6 Rb3+ 120. Ke4 Bd6 121. Bg4+ Kc6 122. Be6 Rb4+ 123. Kd3 Be5 124. Bc4+ Kc5 125. Re6 Bd6 126. Re4 Rb1 127. Rg4 Rd1+ 128. Kc2 Rh1 129. Be2 Rh2 130. Kd3 Rh3+ 131. Kc2 Be5 132. Rc4+ Kd5 133. Ra4 Bd4 134. Ba6 Rh2+ 135. Kd3 Bc5 136. Bb7+ Kd6 137. Rg4 Rb2 138. Be4 Rb3+ 139. Kc4 Rb4+ 140. Kd3 Ke5 141. Rg5+ Kd6 142. Rd5+ Kc6 143. Rd4+ Kb6 144. Rxb4+ Bxb4 1/2-1/2

[Event "*** Titled Tuesday Blitz"]
[Site "Chess.com"]
[Date "2019.05.07"]
[Round "4"]
[White "champ2005"]
[Black "Korchmar_Vasiliy"]
[Result "1/2-1/2"]
[WhiteElo "2889"]
[BlackElo "2826"]
[TimeControl "180+2"]
[EndTime "13:49:12 PDT"]
[Termination "Game drawn by agreement"]

1. d4 Nf6 2. c4 g6 3. Nf3 Bg7 4. g3 c6 5. Bg2 d5 6. O-O O-O 7. Qb3 Qb6 8. Nc3 Rd8 9. Rd1 Bf5 10. Ne5 Nbd7 1/2-1/2

[Event "*** Titled Tuesday Blitz"]
[Site "Chess.com"]
[Date "2019.05.07"]
[Round "4"]
[White "Thee-Chessboy"]
[Black "chessmaxusa"]
[Result "0-1"]
[WhiteElo "2361"]
[BlackElo "2550"]
[TimeControl "180+2"]
[EndTime "13:49:50 PDT"]
[Termination "chessmaxusa won by resignation"]

1. d4 c6 2. e4 d5 3. e5 Bf5 4.
Nf3 e6 5. Be2 Ne7 6. O-O Nd7 7. c4 dxc4 8. Bxc4 Nd5 9. Nc3 Be7 10.
Bd3 Bg4 11. h3 Bh5 12. Ne4 Bg6 13. Bg5 Bxe4 14. Bxe7 Bxf3 15. Bxd8 Bxd1 0-1

[Event "*** Titled Tuesday Blitz"]
[Site "Chess.com"]
[Date "2019.05.07"]
[Round "4"]
[White "Elshan1985"]
[Black "jefferyx"]
[Result "0-1"]
[WhiteElo "2777"]
[BlackElo "2908"]
[TimeControl "180+2"]
[EndTime "13:50:06 PDT"]
[Termination "jefferyx won by resignation"]

1. e4 c6 2. d4 d5 3. e5 Bf5 4.
Nf3 e6 5. Be2 Ne7 6. Nbd2 Ng6 7.
Nb3 Nd7 8. O-O f6 9. exf6 Qxf6 10. a4 Bd6 11. Bg5 Qf7 12. Bd3 h6 13. Bxf5 Qxf5 14.
Be3 O-O 15. Qd3 Qh5 16. h3 Rxf3 17. gxf3 Qxh3 0-1

[Event "*** Titled Tuesday Blitz"]
[Site "Chess.com"]
[Date "2019.05.07"]
[Round "4"]
[White "Babas"]
[Black "Alopekos"]
[Result "0-1"]
[WhiteElo "2428"]
[BlackElo "2573"]
[TimeControl "180+2"]
[EndTime "13:51:06 PDT"]
[Termination "Alopekos won by resignation"]

1. e4 e5 2. Nf3 Nc6 3. Bc4 Nf6 4. d3 Be7 5. a4 O-O 6. h3 d6 7. g4 d5 8. exd5 Nxd5 9. Nc3 Be6 10. Nxd5 Bxd5 11.
Bxd5 Qxd5 12. Qe2 Nd4 0-1

[Event "*** Titled Tuesday Blitz"]
[Site "Chess.com"]
[Date "2019.05.07"]
[Round "4"]
[White "AliKa2810"]
[Black "Benjoneliere44"]
[Result "0-1"]
[WhiteElo "2485"]
[BlackElo "2496"]
[TimeControl "180+2"]
[EndTime "13:51:13 PDT"]
[Termination "Benjoneliere44 won by resignation"]

1. e4 c5 2. Nf3 d6 3. d4 cxd4 4. Nxd4 Nf6 5. Nc3 g6 6. Be3 Bg7 7. f3 O-O 8. Qd2 Nc6 9. O-O-O d5 10. Nxc6 bxc6 11. h4 Qa5 12. Kb1 Rb8 13. Nxd5 Rxb2+ 14.
Kxb2 Nxe4+ 15. Kb1 Nxd2+ 0-1

[Event "*** Titled Tuesday Blitz"]
[Site "Chess.com"]
[Date "2019.05.07"]
[Round "4"]
[White "Alexander_Moskalenko"]
[Black "xamax2000"]
[Result "1/2-1/2"]
[WhiteElo "2866"]
[BlackElo "2632"]
[TimeControl "180+2"]
[EndTime "13:51:51 PDT"]
[Termination "Game drawn by agreement"]

1. Nf3 d5 2. g3 c6 3. Bg2 Bg4 4.
O-O Nd7 5. d4 e6 6. Nbd2 Ngf6 7.
Re1 Be7 8. e4 h6 9. c3 O-O 10.
Qb3 Rb8 11. a4 a5 12. Nh4 Bh5 13. Nhf3 1/2-1/2

[Event "*** Titled Tuesday Blitz"]
[Site "Chess.com"]
[Date "2019.05.07"]
[Round "4"]
[White "SaraciNderim"]
[Black "Jospem"]
[Result "0-1"]
[WhiteElo "2742"]
[BlackElo "2915"]
[TimeControl "180+2"]
[EndTime "13:52:15 PDT"]
[Termination "Jospem won by resignation"]

1. d4 Nf6 2. c4 e6 3. Nf3 Bb4+ 4. Bd2 Qe7 5. g3 Nc6 6. Bg2 Bxd2+ 7. Nbxd2 d5 8. O-O O-O 9. Rc1 Rd8 10. e3 Bd7 11.
Qc2 Rac8 12. Rfd1 Be8 13. a3 a5 14. cxd5 exd5 15. Qc5 Rd6 16. h3 h6 17. Qc3 Re6 18.
Ne5 Nxe5 19. dxe5 Rxe5 20. Qxa5 d4 21. Qb4 dxe3 22. Qxb7 exd2 23. Qxc8 dxc1=R 24. Rxc1 Re1+ 25. Rxe1 Qxe1+ 26. Kh2 Qxf2 27. Qxc7 Qxb2 0-1

[Event "*** Titled Tuesday Blitz"]
[Site "Chess.com"]
[Date "2019.05.07"]
[Round "4"]
[White "GelmanAlexander"]
[Black "GameOverBro"]
[Result "1-0"]
[WhiteElo "2577"]
[BlackElo "2420"]
[TimeControl "180+2"]
[EndTime "13:52:15 PDT"]
[Termination "GelmanAlexander won by resignation"]

1. d4 d6 2. Nc3 Nf6 3. Bf4 Nbd7 4. Qd2 e5 5. Bg5 c6 6. e4 Be7 7. Nf3 Qc7 8. a4 h6 9. Bh4 Nf8 10. Bc4 Ng6 11. Bg3 O-O 12. h3 Nh5 13. Bh2 Nhf4 14.
O-O Bxh3 15. gxh3 Qc8 16. Kh1 Qxh3 17. Ne1 Bg5 18. Qe3 exd4 19. Qxh3 Nxh3 20. Ne2 Rad8 21. f4 Bh4 22. Nf3 d5 23. exd5 cxd5 24. Bd3 Nf2+ 25.
Kg2 Ne4 26. f5 Ne7 27. Nxh4 g5 28. fxg6 1-0

[Event "*** Titled Tuesday Blitz"]
[Site "Chess.com"]
[Date "2019.05.07"]
[Round "4"]
[White "Chessialist"]
[Black "Msb2"]
[Result "0-1"]
[WhiteElo "2568"]
[BlackElo "2955"]
[TimeControl "180+2"]
[EndTime "13:52:20 PDT"]
[Termination "Msb2 won by resignation"]

1. e4 e6 2. Qe2 d5 3. d3 Nc6 4. Nf3 e5 5. exd5 Qxd5 6. Nc3 Qa5 7. Bd2 Bg4 8. h3 Bh5 9. g4 Bg6 10. Bg2 O-O-O 11. O-O h5 12. g5 Nge7 13. a3 Qc5 14. b4 Qd6 15. Nb5 Qe6 16. Rfe1 a6 17. Nc3 f6 18. Ne4 Nf5 19. c3 h4 20. a4 Be7 21. b5 Na5 22. bxa6 Qxa6 23. c4 Nb3 24.
Rab1 Nbd4 25. Nxd4 Nxd4 26. Qd1 c6 27. gxf6 gxf6 28.
Qg4+ Bf5 29. Qg7 Rh7 30. Nd6+ Rxd6 31. Qg8+ Rd8 0-1

[Event "*** Titled Tuesday Blitz"]
[Site "Chess.com"]
[Date "2019.05.07"]
[Round "4"]
[White "MikaelyanArman"]
[Black "AndrewMcStone"]
[Result "1-0"]
[WhiteElo "2698"]
[BlackElo "2114"]
[TimeControl "180+2"]
[EndTime "13:52:29 PDT"]
[Termination "MikaelyanArman won by resignation"]

1. e4 Nc6 2. d4 d5 3. Nc3 e6 4.
Nf3 Nf6 5. Bd3 Bb4 6. O-O Bxc3 7. exd5 Nxd4 8. bxc3 Nxf3+ 9. Qxf3 Qxd5 10. Qg3 O-O 11. c4 Qh5 12. Bb2 Kh8 13. Rae1 Bd7 14. Re5 Qh6 15.
Bc1 Nh5 16. Qh4 1-0

[Event "*** Titled Tuesday Blitz"]
[Site "Chess.com"]
[Date "2019.05.07"]
[Round "4"]
[White "penguingm1"]
[Black "BlueWizzard"]
[Result "1-0"]
[WhiteElo "2916"]
[BlackElo "2770"]
[TimeControl "180+2"]
[EndTime "13:52:37 PDT"]
[Termination "penguingm1 won by checkmate"]

1. d4 c5 2. d5 g6 3. c4 Bg7 4. Nc3 a6 5. e4 d6 6. a4 e5 7. g3 h5 8. Nf3 Bg4 9. h3 Bxf3 10.
Qxf3 Bh6 11. Bxh6 Rxh6 12. Qe3 h4 13. Bd3 Nd7 14. O-O-O Qe7 15. Kb1 O-O-O 16. Be2 Kb8 17. Kc2 f5 18. g4 f4 19. Qd2 a5 20. g5 Qxg5 21. Nb5 b6 22. Nxd6 Rh7 23. Rhg1 Qf6 24.
Nb5 f3 25. Bf1 Rh5 26. d6 Qe6 27. Nc7 Qf6 28. Qd5 Rh7 29. Qa8# 1-0

[Event "*** Titled Tuesday Blitz"]
[Site "Chess.com"]
[Date "2019.05.07"]
[Round "4"]
[White "StephenDedalus83"]
[Black "kinga2008"]
[Result "1-0"]
[WhiteElo "2797"]
[BlackElo "1941"]
[TimeControl "180+2"]
[EndTime "13:52:39 PDT"]
[Termination "StephenDedalus83 won by resignation"]

1. e4 c5 2. Nf3 d6 3. d4 cxd4 4. Nxd4 Nf6 5. Nc3 g6 6. Be3 Bg7 7. f3 O-O 8. Qd2 Nc6 9. g4 d5 10. g5 Nxd4 11. Bxd4 Ne8 12. Bxg7 Nxg7 13. Nxd5 e6 14.
Nf6+ Kh8 15. O-O-O Qb6 16. h4 e5 17. h5 gxh5 18. Nxh5 Nxh5 19. Rxh5 Qg6 20. Rh6 Qg7 21. Bc4 Be6 22. Bxe6 fxe6 23. g6 Kg8 24. Rg1 hxg6 25.
Rhxg6 Rf7 26. Qh6 1-0

[Event "*** Titled Tuesday Blitz"]
[Site "Chess.com"]
[Date "2019.05.07"]
[Round "4"]
[White "Keithonsky"]
[Black "annamaja"]
[Result "1-0"]
[WhiteElo "2379"]
[BlackElo "2154"]
[TimeControl "180+2"]
[EndTime "13:52:46 PDT"]
[Termination "Keithonsky won by resignation"]

1. d4 d5 2. c4 c6 3. Nf3 Nf6 4. Qc2 dxc4 5. Qxc4 Bf5 6. Nc3 b5 7. Qb3 e6 8. g3 Be7 9. Bg2 O-O 10. O-O a5 11. Qd1 Qb6 12. Ne5 Rd8 13. e4 Bg6 14. Be3 c5 15. Nxg6 hxg6 16. dxc5 Rxd1 17. cxb6 Rxa1 18.
Rxa1 e5 19. Nxb5 Nbd7 20. Rc1 Rb8 21. Rc6 Kf8 22. Nc3 Bd8 23. Na4 Ke8 24. Bf1 Ng8 25. Bb5 Ne7 26. Rd6 Rb7 27. Rxd7 Rxd7 28. Nc5 1-0

[Event "*** Titled Tuesday Blitz"]
[Site "Chess.com"]
[Date "2019.05.07"]
[Round "4"]
[White "TastyFrenchFries"]
[Black "Maikrosoft63"]
[Result "1-0"]
[WhiteElo "2445"]
[BlackElo "2546"]
[TimeControl "180+2"]
[EndTime "13:52:56 PDT"]
[Termination "TastyFrenchFries won by resignation"]

1. e4 c5 2. Nf3 Nc6 3. Bb5 Qb6 4. Nc3 e6 5. O-O Nge7 6. Re1 a6 7. Bf1 Ng6 8. d3 Be7 9. Rb1 Bf6 10. Be3 d6 11. a3 O-O 12. g3 Qc7 13. h4 b5 14.
h5 Nge5 15. Nxe5 Bxe5 16. h6 g6 17. Bg2 Bb7 18. f4 Bd4 19. Bxd4 Nxd4 20. Ne2 Nxe2+ 21. Qxe2 Qe7 22. Qg4 Rac8 23. Re2 e5 24. Rf1 c4 25.
f5 cxd3 26. cxd3 Rc5 27. Ref2 Bc8 28. Kh2 Bd7 29. Qd1 Qg5 30. Qd2 Qxd2 31. Rxd2 gxf5 32.
exf5 f6 33. d4 exd4 34. Rxd4 Bxf5 35. Bd5+ Rxd5 36. Rxd5 1-0

[Event "*** Titled Tuesday Blitz"]
[Site "Chess.com"]
[Date "2019.05.07"]
[Round "4"]
[White "1e41-0"]
[Black "JeremDev"]
[Result "1-0"]
[WhiteElo "2469"]
[BlackElo "2489"]
[TimeControl "180+2"]
[EndTime "13:53:00 PDT"]
[Termination "1e41-0 won by resignation"]

1. d4 Nf6 2. c4 c5 3. d5 b5 4. cxb5 a6 5. Nc3 axb5 6. e4 b4 7. Nb5 d6 8. a4 bxa3 9. Rxa3 Rxa3 10. bxa3 g6 11. Qa4 Bd7 12. Qa7 Bg7 13. Nc7+ Kf8 14. Bd3 h6 15. f4 Ne8 16. Nxe8 Bc3+ 17. Bd2 Bxd2+ 18. Kxd2 Bxe8 19. Nf3 Nd7 20. Rb1 Kg7 21.
Rb7 Kf8 22. Bb5 Nf6 23. Bxe8 Nxe4+ 24. Ke3 f5 25. Rb8 1-0

[Event "*** Titled Tuesday Blitz"]
[Site "Chess.com"]
[Date "2019.05.07"]
[Round "4"]
[White "fidezivkovic"]
[Black "LiamVrolijk"]
[Result "0-1"]
[WhiteElo "2296"]
[BlackElo "2496"]
[TimeControl "180+2"]
[EndTime "13:53:01 PDT"]
[Termination "LiamVrolijk won by checkmate"]

1. e4 c6 2. Nc3 d5 3. Nf3 Bg4 4. h3 Bxf3 5. Qxf3 Nf6 6. e5 Nfd7 7. d4 e6 8. Qg3 c5 9. dxc5 Nc6 10. f4 Nxc5 11. Bd3 Qb6 12. Qf2 Nxd3+ 13. cxd3 Bc5 14.
Qg3 Nb4 15. Qxg7 O-O-O 16. Kf1 Qa6 17. g4 Qxd3+ 18. Kg2 d4 19. Rd1 Qc4 20. Bd2 dxc3 21. Bxc3 Qe2+ 22. Kg3 Qf2# 0-1

[Event "*** Titled Tuesday Blitz"]
[Site "Chess.com"]
[Date "2019.05.07"]
[Round "4"]
[White "kintoho"]
[Black "x-6099009240"]
[Result "1-0"]
[WhiteElo "2564"]
[BlackElo "2369"]
[TimeControl "180+2"]
[EndTime "13:53:02 PDT"]
[Termination "kintoho won by resignation"]

1. e4 c5 2. c3 d6 3. d4 Nf6 4. Bd3 g6 5. h3 Bg7 6. Nf3 O-O 7. O-O Nc6 8. Re1 e5 9. dxc5 dxc5 10. Qe2 h6 11. a4 Qe7 12. Na3 Be6 13. Bc4 Kh7 14. Bxe6 Qxe6 15. Qc4 Rfe8 16. Qxe6 Rxe6 17. Nc4 Nd7 18.
Be3 Nb6 19. Nxb6 axb6 20. Nd2 Bf8 21. Nc4 Na5 22. Nxa5 Rxa5 23. c4 f5 24. b3 f4 25.
Bd2 Ra8 26. Bc3 Rd8 27. Rad1 Rxd1 28. Rxd1 Rd6 29. Rd5 Rxd5 30. cxd5 Bd6 31. Kf1 Kg7 32. Ke2 Kf7 33. Kd3 Ke7 34. Kc4 Kd7 35. Kb5 Kc7 36.
f3 g5 37. Bb2 h5 38. Bc3 h4 39. Bb2 c4 40. bxc4 1-0

[Event "*** Titled Tuesday Blitz"]
[Site "Chess.com"]
[Date "2019.05.07"]
[Round "4"]
[White "riconaipe"]
[Black "IakovUlivar"]
[Result "0-1"]
[WhiteElo "2436"]
[BlackElo "2542"]
[TimeControl "180+2"]
[EndTime "13:53:06 PDT"]
[Termination "IakovUlivar won by resignation"]

1. d4 Nf6 2. Bg5 e6 3. e4 h6 4. Bxf6 Qxf6 5. Ne2 d6 6. Nd2 Nc6 7. c3 e5 8. d5 Nb8 9. g3 h5 10. h4 g6 11. Bg2 Bh6 12. O-O O-O 13. f4 Bg4 14.
Qe1 Nd7 15. f5 g5 16. hxg5 Qxg5 17. Nf3 Qe3+ 18. Qf2 Nf6 19. Nh4 Qxe2 20. Rae1 Qxf2+ 21. Rxf2 Kg7 22. Kh2 Bg5 23. c4 b6 24. Rc2 a5 25. a4 Nd7 26. b3 Kf6 27. Bf1 Nc5 28. Rb2 Bxh4 29. gxh4 Rg8 0-1